[ AOE2 MATCH · #476062366 ]
UnrankedMalay vs Slavs
[ REPLAY ANALYSIS · EXTRACTED FROM THE RECORDED GAME ]
Feudal
12:27
Castle
25:39
Imperial
—
| APM avg | 24.9 |
| APM peak | 64 |
| eAPM avg | 16.3 |
| Villagers / military | 73 / 100 |
Focus
⚔️ 36.0% · 🌾 64.0%
Spearman ×61 · Militia ×17 · Archer ×15 · Karambit Warrior ×5 · Monk ×1 · Skirmisher ×1
Feudal
14:52
Castle
20:33
Imperial
—
| APM avg | 20.8 |
| APM peak | 37 |
| eAPM avg | 14.4 |
| Villagers / military | 85 / 30 |
Focus
⚔️ 38.4% · 🌾 61.6%
Knight ×13 · Fire Galley ×11 · Monk ×3 · Scorpion ×3 · Fishing Ship ×2
Feudal
14:21
Castle
19:56
Imperial
—
| APM avg | 58.0 |
| APM peak | 99 |
| eAPM avg | 33.1 |
| Villagers / military | 134 / 69 |
Focus
⚔️ 43.5% · 🌾 56.5%
Scout Cavalry ×39 · Skirmisher ×28 · Fishing Ship ×11 · Knight ×2
Feudal
12:13
Castle
24:08
Imperial
—
| APM avg | 42.2 |
| APM peak | 87 |
| eAPM avg | 18.3 |
| Villagers / military | 130 / 42 |
Focus
⚔️ 27.7% · 🌾 72.3%
Scout Cavalry ×27 · Camel Scout ×12 · Fishing Ship ×2 · Monk ×1 · Knight ×1 · Fire Galley ×1
Feudal
13:18
Castle
18:15
Imperial
30:57
| APM avg | 26.1 |
| APM peak | 61 |
| eAPM avg | 14.0 |
| Villagers / military | 81 / 73 |
Focus
⚔️ 27.6% · 🌾 72.4%
Knight ×70 · Fishing Ship ×9 · Monk ×2 · Scout Cavalry ×1
Feudal
15:56
Castle
23:14
Imperial
—
| APM avg | 22.5 |
| APM peak | 41 |
| eAPM avg | 11.8 |
| Villagers / military | 72 / 44 |
Focus
⚔️ 26.9% · 🌾 73.1%
Archer ×34 · Spearman ×7 · Fishing Ship ×4 · Unknown (2626) ×3 · Mangonel ×2 · Monk ×1
Feudal
12:42
Castle
17:53
Imperial
—
| APM avg | 16.4 |
| APM peak | 38 |
| eAPM avg | 11.7 |
| Villagers / military | 68 / 31 |
Focus
⚔️ 27.6% · 🌾 72.4%
Spearman ×26 · Fishing Ship ×3 · Monk ×2 · Battering Ram ×2 · Fire Galley ×1
Feudal
—
Castle
—
Imperial
—
| APM avg | 35.5 |
| APM peak | 68 |
| eAPM avg | 18.6 |
| Villagers / military | 129 / 80 |
Focus
⚔️ 21.5% · 🌾 78.5%
Skirmisher ×60 · Fishing Ship ×15 · Galley ×6 · Fire Galley ×6 · Monk ×3 · Bombard Cannon ×2
Match map
Initial resources + every placement click. Lines = walls · curves = elevation contours. ◆ gold · ⬟ stone · ● berries · ✦ relic · ◌ wall gap
Your base· Open — unwalled flank
Linh1032's base· Open — unwalled flank
|AT| Gorkha's base· Open — unwalled flank
chopper's base· Open — 14t gap
gw=ar's base· Open — unwalled flank
Jarl__UA's base· Open — unwalled flank
jellIEBEANS's base· Open — 11t gap
Pablo0192's base· Open — unwalled flank
Smoothed initial terrain · ◌ = detected wall gap · hover for details
Inputs per minute
— AmX - - Linh1032
Build order — AmX
First 150 of 332 actions detected
| 0:46 | Build | Town Center |
| 1:57 | Build | House |
| 1:59 | Build | House |
| 2:32 | Create | Villager (Male) |
| 2:32 | Create | Villager (Male) |
| 2:33 | Create | Villager (Male) |
| 2:33 | Create | Villager (Male) |
| 2:48 | Build | House |
| 4:06 | Create | Villager (Male) |
| 4:32 | Create | Villager (Male) |
| 4:33 | Create | Villager (Male) |
| 4:58 | Create | Villager (Male) |
| 4:58 | Create | Villager (Male) |
| 5:15 | Create | Villager (Male) |
| 5:15 | Create | Villager (Male) |
| 5:49 | Create | Villager (Male) |
| 6:13 | Create | Villager (Male) |
| 6:28 | Research | Loom |
| 6:57 | Create | Villager (Male) |
| 7:26 | Build | Lumber Camp |
| 7:35 | Build | Mill |
| 7:40 | Create | Villager (Male) |
| 7:40 | Create | Villager (Male) |
| 8:14 | Create | Villager (Male) |
| 8:15 | Create | Villager (Male) |
| 8:57 | Create | Villager (Male) |
| 9:06 | Build | House |
| 9:07 | Build | House |
| 9:28 | Create | Villager (Male) |
| 9:50 | Create | Villager (Male) |
| 10:12 | Create | Villager (Male) |
| 10:39 | Create | Villager (Male) |
| 10:46 | Create | Villager (Male) |
| 11:07 | Research | Feudal Age |
| 11:14 | Build | Barracks |
| 11:16 | Build | House |
| 11:25 | Build | House |
| 11:26 | Build | House |
| 11:29 | Build | Palisade Gate |
| 11:34 | Build | Palisade Wall |
| 11:58 | Build | Farm |
| 11:58 | Build | Farm |
| 11:58 | Build | Farm |
| 11:59 | Build | Farm |
| 11:59 | Build | Farm |
| 11:59 | Build | Farm |
| 11:59 | Build | Farm |
| 11:59 | Build | Farm |
| 12:00 | Build | Farm |
| 12:00 | Build | Farm |
| 12:27 | Age | Feudal Age |
| 12:31 | Research | Double-Bit Axe |
| 12:32 | Create | Villager (Male) |
| 12:32 | Create | Villager (Male) |
| 12:40 | Build | Farm |
| 12:55 | Build | Mining Camp |
| 13:06 | Research | Town Watch |
| 13:33 | Create | Villager (Male) |
| 13:45 | Create | Villager (Male) |
| 13:50 | Build | Archery Range |
| 13:57 | Build | Stone Wall |
| 14:00 | Build | Outpost |
| 14:01 | Create | Villager (Male) |
| 14:13 | Research | Wheelbarrow |
| 14:31 | Build | Archery Range |
| 14:34 | Build | House |
| 14:39 | Build | Watch Tower |
| 14:50 | Create | Villager (Male) |
| 15:10 | Build | Market |
| 15:12 | Build | House |
| 15:13 | Build | House |
| 15:21 | Build | Stone Wall |
| 15:23 | Build | Stone Wall |
| 15:27 | Build | Palisade Gate |
| 15:47 | Build | Archery Range |
| 16:02 | Research | Gold Mining |
| 16:10 | Create | Archer |
| 16:11 | Create | Archer |
| 16:21 | Build | House |
| 16:21 | Build | House |
| 16:25 | Create | Villager (Male) |
| 16:40 | Create | Archer |
| 16:40 | Create | Archer |
| 16:59 | Build | Blacksmith |
| 17:13 | Create | Villager (Male) |
| 17:13 | Create | Villager (Male) |
| 17:17 | Create | Villager (Male) |
| 17:34 | Build | Mining Camp |
| 17:52 | Create | Archer |
| 17:53 | Create | Archer |
| 18:07 | Research | Fletching |
| 18:07 | Research | Fletching |
| 18:09 | Create | Villager (Male) |
| 18:16 | Build | Farm |
| 18:16 | Build | Farm |
| 18:16 | Build | Farm |
| 18:16 | Build | Farm |
| 18:20 | Create | Archer |
| 18:21 | Create | Archer |
| 18:21 | Create | Archer |
| 18:30 | Create | Villager (Male) |
| 18:30 | Create | Villager (Male) |
| 18:35 | Build | House |
| 18:36 | Build | House |
| 18:42 | Build | Gate |
| 18:46 | Build | House |
| 18:48 | Build | House |
| 18:55 | Build | Farm |
| 18:56 | Build | Farm |
| 18:58 | Create | Villager (Male) |
| 18:59 | Create | Archer |
| 18:59 | Create | Archer |
| 19:00 | Create | Archer |
| 19:07 | Create | Spearman |
| 19:07 | Create | Spearman |
| 19:23 | Create | Villager (Male) |
| 19:31 | Build | Farm |
| 19:31 | Build | Farm |
| 19:59 | Research | Padded Archer Armor |
| 20:21 | Create | Villager (Male) |
| 20:21 | Create | Villager (Male) |
| 20:25 | Build | Mill |
| 20:26 | Build | Farm |
| 20:26 | Build | Farm |
| 20:26 | Build | Farm |
| 20:27 | Build | Farm |
| 20:27 | Build | Farm |
| 20:27 | Build | Farm |
| 20:29 | Create | Villager (Male) |
| 20:33 | Build | House |
| 20:35 | Build | House |
| 20:43 | Build | Gate |
| 20:52 | Build | Farm |
| 20:52 | Build | Farm |
| 21:19 | Build | Gate |
| 21:25 | Build | Stone Wall |
| 21:48 | Build | Farm |
| 21:49 | Build | Farm |
| 21:49 | Build | Farm |
| 21:50 | Build | Farm |
| 21:50 | Build | Farm |
| 21:53 | Create | Villager (Male) |
| 21:54 | Create | Villager (Male) |
| 22:48 | Build | Farm |
| 22:48 | Build | Farm |
| 22:49 | Build | Farm |
| 22:49 | Build | Farm |
| 22:51 | Create | Villager (Male) |
| 22:52 | Create | Villager (Male) |
| 23:17 | Build | Stone Wall |
Build order — Linh1032
First 150 of 197 actions detected
| 0:29 | Build | Town Center |
| 2:25 | Build | House |
| 2:57 | Create | Villager (Male) |
| 2:57 | Create | Villager (Male) |
| 2:58 | Create | Villager (Male) |
| 3:08 | Build | House |
| 3:53 | Create | Villager (Male) |
| 4:38 | Research | Loom |
| 5:10 | Create | Villager (Male) |
| 5:41 | Create | Villager (Male) |
| 6:05 | Create | Villager (Male) |
| 6:28 | Create | Villager (Male) |
| 6:28 | Create | Villager (Male) |
| 6:50 | Build | House |
| 6:56 | Create | Villager (Male) |
| 7:13 | Create | Villager (Male) |
| 7:14 | Create | Villager (Male) |
| 7:27 | Build | Mill |
| 7:39 | Create | Villager (Male) |
| 7:39 | Create | Villager (Male) |
| 7:58 | Build | House |
| 8:07 | Create | Villager (Male) |
| 8:07 | Create | Villager (Male) |
| 8:18 | Build | Lumber Camp |
| 8:44 | Create | Villager (Male) |
| 8:44 | Create | Villager (Male) |
| 9:02 | Create | Villager (Male) |
| 9:03 | Create | Villager (Male) |
| 9:26 | Create | Villager (Male) |
| 9:26 | Create | Villager (Male) |
| 9:43 | Build | Dock |
| 9:48 | Create | Villager (Male) |
| 10:02 | Create | Villager (Male) |
| 10:25 | Create | Villager (Male) |
| 10:53 | Create | Villager (Male) |
| 11:23 | Build | House |
| 11:26 | Create | Villager (Male) |
| 12:08 | Build | Mining Camp |
| 12:09 | Create | Villager (Male) |
| 12:42 | Research | Feudal Age |
| 13:59 | Create | Villager (Male) |
| 14:52 | Age | Feudal Age |
| 14:54 | Build | Farm |
| 14:56 | Build | Farm |
| 15:01 | Build | Market |
| 15:05 | Build | Blacksmith |
| 15:12 | Create | Villager (Male) |
| 15:34 | Create | Fire Galley |
| 15:34 | Create | Fire Galley |
| 15:44 | Create | Villager (Male) |
| 15:52 | Build | House |
| 16:01 | Build | House |
| 16:12 | Create | Villager (Male) |
| 16:56 | Create | Villager (Male) |
| 17:01 | Build | House |
| 17:20 | Create | Villager (Male) |
| 17:24 | Create | Fire Galley |
| 17:32 | Build | House |
| 17:47 | Create | Villager (Male) |
| 17:53 | Research | Castle Age |
| 18:05 | Build | House |
| 18:06 | Build | House |
| 18:22 | Build | Barracks |
| 18:53 | Create | Villager (Male) |
| 19:19 | Create | Fire Galley |
| 19:20 | Create | Fire Galley |
| 19:37 | Create | Fire Galley |
| 19:37 | Create | Fire Galley |
| 19:40 | Create | Villager (Male) |
| 20:33 | Age | Castle Age |
| 20:34 | Create | Fire Galley |
| 20:47 | Create | Villager (Male) |
| 20:55 | Create | Fire Galley |
| 21:01 | Create | Villager (Male) |
| 21:12 | Build | Stable |
| 21:31 | Create | Fire Galley |
| 21:54 | Create | Fire Galley |
| 22:02 | Create | Villager (Male) |
| 22:14 | Build | Farm |
| 22:18 | Build | Farm |
| 22:40 | Build | Mining Camp |
| 22:51 | Build | Farm |
| 23:35 | Create | Villager (Male) |
| 23:35 | Create | Villager (Male) |
| 24:12 | Create | Villager (Male) |
| 24:16 | Build | Farm |
| 24:23 | Create | Knight |
| 24:24 | Create | Knight |
| 24:24 | Create | Knight |
| 24:24 | Create | Knight |
| 24:35 | Build | Castle |
| 24:43 | Build | Palisade Wall |
| 24:44 | Build | Palisade Wall |
| 24:45 | Build | Palisade Wall |
| 24:47 | Build | Palisade Gate |
| 24:57 | Build | House |
| 25:03 | Create | Villager (Male) |
| 25:24 | Build | Palisade Wall |
| 25:26 | Build | Palisade Wall |
| 25:46 | Create | Villager (Male) |
| 25:56 | Build | Farm |
| 25:56 | Build | Farm |
| 25:57 | Build | Farm |
| 25:58 | Build | Farm |
| 25:59 | Build | Farm |
| 26:13 | Create | Villager (Male) |
| 26:13 | Create | Villager (Male) |
| 26:28 | Build | Farm |
| 26:29 | Build | Farm |
| 26:31 | Build | Farm |
| 26:57 | Create | Villager (Male) |
| 26:58 | Create | Villager (Male) |
| 27:15 | Create | Villager (Male) |
| 27:16 | Create | Villager (Male) |
| 27:29 | Create | Villager (Male) |
| 27:29 | Create | Villager (Male) |
| 27:41 | Create | Knight |
| 27:41 | Create | Knight |
| 27:59 | Build | Stable |
| 28:13 | Create | Villager (Male) |
| 28:13 | Create | Villager (Male) |
| 28:13 | Create | Villager (Male) |
| 28:44 | Create | Knight |
| 29:06 | Build | Palisade Wall |
| 29:17 | Create | Fishing Ship |
| 29:18 | Create | Fishing Ship |
| 29:37 | Build | Lumber Camp |
| 29:40 | Build | Palisade Wall |
| 29:42 | Build | Palisade Wall |
| 29:44 | Create | Villager (Male) |
| 29:44 | Create | Villager (Male) |
| 29:55 | Create | Knight |
| 29:55 | Create | Knight |
| 29:55 | Create | Knight |
| 30:12 | Build | Farm |
| 30:15 | Build | Farm |
| 30:24 | Create | Villager (Male) |
| 30:25 | Create | Villager (Male) |
| 30:41 | Create | Villager (Male) |
| 30:48 | Build | Farm |
| 30:53 | Create | Knight |
| 31:07 | Create | Villager (Male) |
| 31:16 | Build | Farm |
| 31:23 | Create | Knight |
| 31:23 | Create | Knight |
| 31:29 | Create | Villager (Male) |
| 31:36 | Create | Villager (Male) |
| 31:36 | Create | Villager (Male) |
| 31:39 | Build | Farm |
| 31:44 | Build | Farm |
Build order — |AT| Gorkha
First 150 of 333 actions detected
| 0:47 | Build | Town Center |
| 2:21 | Build | Dock |
| 2:24 | Build | House |
| 3:14 | Create | Villager (Male) |
| 3:14 | Create | Villager (Male) |
| 3:34 | Create | Villager (Male) |
| 3:35 | Create | Villager (Male) |
| 4:39 | Create | Fishing Ship |
| 4:39 | Create | Fishing Ship |
| 4:53 | Research | Loom |
| 5:10 | Create | Villager (Male) |
| 5:24 | Build | House |
| 5:47 | Create | Villager (Male) |
| 6:15 | Create | Villager (Male) |
| 6:15 | Create | Villager (Male) |
| 6:40 | Create | Villager (Male) |
| 6:41 | Create | Fishing Ship |
| 6:54 | Build | House |
| 7:09 | Create | Villager (Male) |
| 7:35 | Create | Villager (Male) |
| 7:53 | Create | Villager (Male) |
| 8:04 | Create | Fishing Ship |
| 8:10 | Build | House |
| 8:22 | Create | Villager (Male) |
| 8:35 | Build | Mill |
| 8:47 | Create | Villager (Male) |
| 9:10 | Create | Villager (Male) |
| 9:11 | Create | Fishing Ship |
| 9:37 | Create | Villager (Male) |
| 10:00 | Create | Fishing Ship |
| 10:06 | Create | Villager (Male) |
| 10:08 | Build | House |
| 10:21 | Create | Villager (Male) |
| 10:37 | Create | Villager (Male) |
| 10:40 | Create | Fishing Ship |
| 11:17 | Create | Villager (Male) |
| 11:34 | Build | House |
| 11:36 | Create | Villager (Male) |
| 11:45 | Build | Mining Camp |
| 11:47 | Create | Villager (Male) |
| 12:10 | Research | Feudal Age |
| 12:38 | Build | Dock |
| 12:48 | Create | Fishing Ship |
| 13:09 | Build | Lumber Camp |
| 13:58 | Create | Fishing Ship |
| 13:58 | Create | Fishing Ship |
| 14:04 | Create | Fishing Ship |
| 14:12 | Create | Villager (Male) |
| 14:21 | Age | Feudal Age |
| 14:26 | Build | House |
| 14:28 | Create | Villager (Male) |
| 14:30 | Research | Double-Bit Axe |
| 14:50 | Build | Palisade Gate |
| 14:52 | Build | Palisade Wall |
| 14:53 | Build | Palisade Wall |
| 14:53 | Build | Palisade Wall |
| 14:56 | Build | Palisade Wall |
| 14:57 | Build | Palisade Wall |
| 14:58 | Create | Villager (Male) |
| 15:03 | Build | Palisade Wall |
| 15:21 | Create | Villager (Male) |
| 15:34 | Build | Palisade Wall |
| 15:35 | Build | Palisade Wall |
| 15:38 | Build | Palisade Wall |
| 15:40 | Build | Palisade Wall |
| 15:42 | Build | Palisade Wall |
| 15:42 | Build | Palisade Wall |
| 15:45 | Create | Villager (Male) |
| 15:47 | Build | House |
| 15:56 | Build | Palisade Wall |
| 16:05 | Build | Blacksmith |
| 16:06 | Create | Villager (Male) |
| 16:27 | Build | Market |
| 16:33 | Create | Villager (Male) |
| 17:09 | Research | Castle Age |
| 17:31 | Build | Barracks |
| 17:35 | Build | Barracks |
| 18:07 | Build | Palisade Wall |
| 18:08 | Build | Palisade Wall |
| 18:09 | Build | Palisade Wall |
| 18:17 | Create | Villager (Male) |
| 18:22 | Research | Horse Collar |
| 18:24 | Build | Farm |
| 18:25 | Build | Farm |
| 18:28 | Build | Farm |
| 18:31 | Build | Stable |
| 18:50 | Research | Scale Barding Armor |
| 19:00 | Build | Palisade Gate |
| 19:02 | Build | House |
| 19:18 | Research | Bloodlines |
| 19:25 | Build | Farm |
| 19:26 | Build | Farm |
| 19:27 | Build | Farm |
| 19:29 | Build | Farm |
| 19:41 | Build | Farm |
| 19:49 | Build | Farm |
| 19:50 | Build | Farm |
| 19:56 | Age | Castle Age |
| 19:59 | Create | Knight |
| 20:02 | Create | Knight |
| 20:04 | Create | Villager (Male) |
| 20:16 | Build | Town Center |
| 20:26 | Build | Palisade Wall |
| 20:30 | Create | Villager (Male) |
| 20:31 | Create | Villager (Male) |
| 20:45 | Create | Villager (Male) |
| 20:56 | Build | Stable |
| 21:27 | Research | Wheelbarrow |
| 21:32 | Create | Villager (Male) |
| 21:32 | Create | Villager (Male) |
| 21:41 | Build | Farm |
| 21:43 | Build | Farm |
| 21:43 | Build | Farm |
| 21:44 | Build | Farm |
| 21:47 | Build | Farm |
| 22:08 | Build | Farm |
| 22:18 | Research | Light Cavalry (upgrade) |
| 22:20 | Create | Villager (Male) |
| 22:20 | Create | Villager (Male) |
| 22:20 | Create | Villager (Male) |
| 22:37 | Create | Scout Cavalry |
| 22:37 | Create | Scout Cavalry |
| 22:43 | Build | Farm |
| 22:46 | Build | Farm |
| 23:06 | Create | Villager (Male) |
| 23:18 | Create | Villager (Male) |
| 23:18 | Create | Villager (Male) |
| 23:19 | Create | Villager (Male) |
| 23:33 | Create | Villager (Male) |
| 23:33 | Create | Villager (Male) |
| 23:34 | Create | Villager (Male) |
| 23:46 | Create | Scout Cavalry |
| 23:47 | Create | Scout Cavalry |
| 23:53 | Build | Mill |
| 23:54 | Build | Farm |
| 23:54 | Build | Farm |
| 23:55 | Build | Farm |
| 23:55 | Build | Farm |
| 23:55 | Build | Farm |
| 23:55 | Build | Farm |
| 23:55 | Build | Farm |
| 23:55 | Build | Farm |
| 23:56 | Build | Farm |
| 23:56 | Build | Farm |
| 24:01 | Create | Scout Cavalry |
| 24:02 | Create | Scout Cavalry |
| 24:33 | Create | Villager (Male) |
| 24:33 | Create | Villager (Male) |
| 24:41 | Create | Villager (Male) |
| 24:42 | Create | Villager (Male) |
Build order — chopper
First 150 of 293 actions detected
| 0:14 | Build | Town Center |
| 1:28 | Build | House |
| 2:52 | Create | Villager (Male) |
| 2:53 | Create | Villager (Male) |
| 2:53 | Create | Villager (Male) |
| 2:53 | Create | Villager (Male) |
| 2:53 | Create | Villager (Male) |
| 4:01 | Create | Villager (Male) |
| 4:02 | Create | Villager (Male) |
| 4:23 | Create | Villager (Male) |
| 4:23 | Create | Villager (Male) |
| 5:28 | Create | Villager (Male) |
| 5:29 | Create | Villager (Male) |
| 5:29 | Create | Villager (Male) |
| 5:34 | Build | House |
| 5:36 | Build | House |
| 5:39 | Research | Loom |
| 5:42 | Create | Villager (Male) |
| 5:42 | Create | Villager (Male) |
| 5:43 | Create | Villager (Male) |
| 5:43 | Create | Villager (Male) |
| 6:03 | Create | Villager (Male) |
| 6:04 | Create | Villager (Male) |
| 6:38 | Build | House |
| 6:59 | Create | Villager (Male) |
| 7:09 | Build | Lumber Camp |
| 7:11 | Create | Villager (Male) |
| 7:22 | Build | Mill |
| 7:26 | Create | Villager (Male) |
| 7:37 | Create | Villager (Male) |
| 7:39 | Create | Villager (Male) |
| 8:14 | Create | Villager (Male) |
| 8:24 | Create | Villager (Male) |
| 8:51 | Create | Villager (Male) |
| 9:32 | Create | Villager (Male) |
| 9:35 | Research | Feudal Age |
| 9:35 | Research | Feudal Age |
| 9:59 | Create | Villager (Male) |
| 10:27 | Build | Barracks |
| 10:54 | Create | Villager (Male) |
| 11:23 | Build | House |
| 11:26 | Build | Palisade Wall |
| 11:27 | Build | Palisade Wall |
| 11:27 | Build | Palisade Wall |
| 12:13 | Age | Feudal Age |
| 12:14 | Build | Stable |
| 12:18 | Create | Villager (Male) |
| 12:22 | Research | Double-Bit Axe |
| 12:25 | Build | Palisade Wall |
| 12:38 | Build | Mill |
| 12:56 | Build | Farm |
| 12:56 | Build | Farm |
| 12:56 | Build | Farm |
| 12:59 | Create | Scout Cavalry |
| 13:09 | Create | Scout Cavalry |
| 13:11 | Create | Villager (Male) |
| 13:24 | Build | House |
| 13:26 | Create | Scout Cavalry |
| 13:46 | Create | Villager (Male) |
| 13:54 | Build | Farm |
| 13:55 | Build | Farm |
| 14:03 | Build | House |
| 14:05 | Build | Palisade Wall |
| 14:06 | Build | Palisade Wall |
| 14:10 | Create | Villager (Male) |
| 14:26 | Build | Farm |
| 14:27 | Build | Farm |
| 14:38 | Create | Villager (Male) |
| 14:39 | Create | Villager (Male) |
| 14:47 | Create | Villager (Male) |
| 14:49 | Create | Scout Cavalry |
| 15:09 | Create | Villager (Male) |
| 15:16 | Create | Scout Cavalry |
| 15:25 | Build | Farm |
| 15:25 | Build | Farm |
| 15:25 | Build | Farm |
| 15:25 | Build | Farm |
| 15:26 | Build | Farm |
| 15:29 | Create | Villager (Male) |
| 16:08 | Create | Villager (Male) |
| 16:10 | Create | Scout Cavalry |
| 16:18 | Build | Farm |
| 16:18 | Build | Farm |
| 16:19 | Build | Farm |
| 16:19 | Build | Farm |
| 16:19 | Build | Farm |
| 16:19 | Build | Farm |
| 16:27 | Create | Scout Cavalry |
| 16:37 | Build | Mining Camp |
| 17:05 | Create | Villager (Male) |
| 17:13 | Create | Villager (Male) |
| 17:16 | Create | Villager (Male) |
| 17:22 | Create | Scout Cavalry |
| 17:22 | Create | Villager (Male) |
| 17:25 | Build | House |
| 17:27 | Build | House |
| 17:43 | Build | Farm |
| 17:44 | Create | Villager (Male) |
| 17:47 | Create | Scout Cavalry |
| 18:10 | Create | Villager (Male) |
| 18:33 | Create | Villager (Male) |
| 18:36 | Build | Farm |
| 18:36 | Build | Farm |
| 18:37 | Build | Farm |
| 18:37 | Build | Farm |
| 18:37 | Build | Farm |
| 18:39 | Create | Villager (Male) |
| 19:06 | Create | Villager (Male) |
| 19:15 | Build | House |
| 19:16 | Build | House |
| 19:17 | Build | Palisade Wall |
| 19:26 | Build | Watch Tower |
| 19:32 | Build | Farm |
| 19:49 | Create | Villager (Male) |
| 20:32 | Create | Villager (Male) |
| 20:39 | Build | Blacksmith |
| 20:53 | Create | Villager (Male) |
| 20:56 | Create | Scout Cavalry |
| 21:04 | Build | Lumber Camp |
| 21:07 | Create | Scout Cavalry |
| 21:28 | Research | Castle Age |
| 21:29 | Create | Scout Cavalry |
| 21:33 | Build | House |
| 21:35 | Build | House |
| 21:36 | Build | House |
| 21:39 | Build | Palisade Wall |
| 21:40 | Create | Villager (Male) |
| 21:54 | Research | Horse Collar |
| 22:26 | Research | Bloodlines |
| 22:34 | Build | Farm |
| 22:34 | Build | Farm |
| 22:35 | Build | Farm |
| 22:35 | Build | Farm |
| 22:35 | Build | Farm |
| 22:45 | Research | Scale Barding Armor |
| 22:57 | Build | Mining Camp |
| 23:05 | Build | House |
| 23:06 | Build | House |
| 23:27 | Research | Stone Mining |
| 23:49 | Create | Villager (Male) |
| 23:52 | Research | Forging |
| 23:53 | Create | Villager (Male) |
| 24:08 | Age | Castle Age |
| 24:08 | Research | Light Cavalry (upgrade) |
| 24:08 | Research | Light Cavalry (upgrade) |
| 24:10 | Create | Villager (Male) |
| 24:11 | Create | Villager (Male) |
| 25:02 | Create | Villager (Male) |
| 25:29 | Create | Villager (Male) |
| 25:29 | Create | Villager (Male) |
Build order — gw=ar
First 150 of 281 actions detected
| 0:29 | Build | Town Center |
| 2:09 | Build | House |
| 2:39 | Create | Villager (Male) |
| 2:39 | Create | Villager (Male) |
| 2:45 | Create | Villager (Male) |
| 2:45 | Create | Villager (Male) |
| 3:24 | Build | Dock |
| 4:20 | Create | Fishing Ship |
| 4:31 | Build | House |
| 4:44 | Create | Villager (Male) |
| 4:44 | Create | Villager (Male) |
| 4:44 | Create | Villager (Male) |
| 4:44 | Create | Villager (Male) |
| 4:44 | Create | Villager (Male) |
| 5:03 | Create | Villager (Male) |
| 5:03 | Create | Villager (Male) |
| 5:36 | Create | Villager (Male) |
| 5:37 | Create | Villager (Male) |
| 5:57 | Create | Fishing Ship |
| 6:13 | Create | Villager (Male) |
| 6:13 | Create | Villager (Male) |
| 6:32 | Create | Villager (Male) |
| 6:33 | Create | Villager (Male) |
| 6:42 | Build | House |
| 6:57 | Create | Fishing Ship |
| 7:03 | Create | Villager (Male) |
| 7:03 | Create | Villager (Male) |
| 7:15 | Build | House |
| 7:18 | Create | Villager (Male) |
| 7:18 | Create | Villager (Male) |
| 7:18 | Create | Villager (Male) |
| 7:27 | Create | Villager (Male) |
| 7:27 | Create | Villager (Male) |
| 7:27 | Create | Villager (Male) |
| 7:48 | Create | Fishing Ship |
| 8:00 | Create | Villager (Male) |
| 8:29 | Create | Villager (Male) |
| 8:29 | Create | Villager (Male) |
| 8:29 | Create | Villager (Male) |
| 8:31 | Create | Fishing Ship |
| 8:37 | Build | House |
| 8:39 | Create | Villager (Male) |
| 8:39 | Create | Villager (Male) |
| 8:59 | Build | House |
| 9:01 | Create | Villager (Male) |
| 9:02 | Create | Villager (Male) |
| 9:02 | Create | Villager (Male) |
| 9:20 | Build | Mill |
| 9:39 | Create | Fishing Ship |
| 10:37 | Create | Fishing Ship |
| 10:38 | Create | Fishing Ship |
| 11:08 | Research | Feudal Age |
| 11:08 | Research | Feudal Age |
| 11:08 | Research | Feudal Age |
| 11:18 | Build | Barracks |
| 11:27 | Build | Barracks |
| 11:46 | Build | House |
| 13:05 | Build | Lumber Camp |
| 13:15 | Build | Mining Camp |
| 13:18 | Age | Feudal Age |
| 13:22 | Build | Stable |
| 13:23 | Create | Villager (Male) |
| 13:24 | Create | Villager (Male) |
| 14:04 | Build | Market |
| 14:08 | Create | Villager (Male) |
| 14:10 | Research | Loom |
| 14:45 | Create | Fishing Ship |
| 15:04 | Research | Double-Bit Axe |
| 15:10 | Create | Villager (Male) |
| 15:26 | Research | Castle Age |
| 15:26 | Research | Castle Age |
| 16:11 | Research | Gold Mining |
| 16:18 | Research | Horse Collar |
| 16:39 | Build | Farm |
| 16:40 | Build | Farm |
| 16:41 | Build | Farm |
| 16:56 | Create | Scout Cavalry |
| 18:15 | Age | Castle Age |
| 18:17 | Create | Villager (Male) |
| 18:17 | Create | Villager (Male) |
| 18:25 | Build | Town Center |
| 18:48 | Research | Bow Saw |
| 18:50 | Create | Knight |
| 18:50 | Create | Knight |
| 19:00 | Build | Monastery |
| 19:06 | Research | Heavy Plow |
| 19:27 | Create | Villager (Male) |
| 19:27 | Create | Villager (Male) |
| 19:51 | Create | Monk |
| 19:51 | Create | Monk |
| 20:05 | Build | Farm |
| 20:06 | Build | Farm |
| 20:07 | Build | Farm |
| 20:16 | Create | Villager (Male) |
| 20:21 | Build | Farm |
| 20:22 | Build | Farm |
| 20:25 | Build | Farm |
| 20:26 | Build | Farm |
| 20:29 | Create | Villager (Male) |
| 20:29 | Create | Villager (Male) |
| 20:40 | Create | Villager (Male) |
| 21:32 | Create | Villager (Male) |
| 21:32 | Create | Villager (Male) |
| 21:34 | Create | Villager (Male) |
| 21:34 | Create | Villager (Male) |
| 21:45 | Build | Town Center |
| 22:24 | Research | Bloodlines |
| 22:24 | Research | Bloodlines |
| 22:58 | Create | Villager (Male) |
| 22:58 | Create | Villager (Male) |
| 22:59 | Create | Villager (Male) |
| 23:02 | Build | House |
| 23:04 | Build | House |
| 23:05 | Build | House |
| 23:06 | Build | House |
| 23:29 | Build | Blacksmith |
| 23:30 | Create | Villager (Male) |
| 23:30 | Create | Villager (Male) |
| 23:31 | Create | Villager (Male) |
| 23:41 | Create | Knight |
| 23:41 | Create | Knight |
| 23:43 | Create | Villager (Male) |
| 23:43 | Create | Villager (Male) |
| 23:53 | Create | Villager (Male) |
| 23:53 | Create | Villager (Male) |
| 23:55 | Research | Wheelbarrow |
| 24:30 | Build | House |
| 24:31 | Build | House |
| 24:32 | Build | House |
| 24:36 | Create | Knight |
| 24:38 | Create | Villager (Male) |
| 24:38 | Create | Villager (Male) |
| 24:43 | Research | Scale Barding Armor |
| 24:43 | Research | Scale Barding Armor |
| 24:46 | Build | Farm |
| 24:47 | Build | Farm |
| 24:50 | Build | Farm |
| 24:54 | Build | Farm |
| 24:58 | Build | Farm |
| 25:01 | Build | Farm |
| 25:06 | Create | Knight |
| 25:38 | Build | House |
| 25:40 | Build | House |
| 25:59 | Create | Villager (Male) |
| 25:59 | Create | Villager (Male) |
| 26:00 | Create | Villager (Male) |
| 26:04 | Build | Farm |
| 26:05 | Build | Farm |
| 26:06 | Build | Farm |
| 26:10 | Build | Farm |
Build order — Jarl__UA
First 150 of 203 actions detected
| 1:24 | Build | Town Center |
| 3:10 | Build | House |
| 3:40 | Create | Villager (Male) |
| 3:40 | Create | Villager (Male) |
| 3:41 | Create | Villager (Male) |
| 3:41 | Create | Villager (Male) |
| 4:48 | Create | Villager (Male) |
| 4:49 | Create | Villager (Male) |
| 5:02 | Build | House |
| 5:38 | Create | Villager (Male) |
| 5:38 | Create | Villager (Male) |
| 6:03 | Create | Villager (Male) |
| 6:04 | Create | Villager (Male) |
| 6:41 | Create | Villager (Male) |
| 6:41 | Create | Villager (Male) |
| 6:47 | Create | Villager (Male) |
| 6:47 | Create | Villager (Male) |
| 7:32 | Create | Villager (Male) |
| 7:33 | Create | Villager (Male) |
| 7:33 | Create | Villager (Male) |
| 7:51 | Create | Villager (Male) |
| 8:19 | Create | Villager (Male) |
| 8:19 | Create | Villager (Male) |
| 8:23 | Build | House |
| 8:57 | Build | Mining Camp |
| 9:19 | Create | Villager (Male) |
| 9:20 | Create | Villager (Male) |
| 9:20 | Create | Villager (Male) |
| 9:20 | Create | Villager (Male) |
| 10:10 | Create | Villager (Male) |
| 10:12 | Create | Villager (Male) |
| 11:03 | Create | Villager (Male) |
| 11:03 | Create | Villager (Male) |
| 11:10 | Build | Lumber Camp |
| 11:29 | Build | Dock |
| 11:35 | Build | House |
| 11:40 | Research | Loom |
| 11:40 | Research | Loom |
| 11:57 | Build | Barracks |
| 12:13 | Build | House |
| 12:53 | Create | Villager (Male) |
| 13:07 | Create | Fishing Ship |
| 13:07 | Create | Fishing Ship |
| 13:13 | Build | House |
| 13:46 | Research | Feudal Age |
| 13:46 | Research | Feudal Age |
| 14:25 | Create | Fishing Ship |
| 15:13 | Create | Fishing Ship |
| 15:46 | Create | Villager (Male) |
| 15:46 | Create | Villager (Male) |
| 15:56 | Age | Feudal Age |
| 15:59 | Build | Archery Range |
| 16:18 | Create | Unit 2626 |
| 16:25 | Create | Villager (Male) |
| 16:26 | Create | Villager (Male) |
| 16:36 | Build | Mill |
| 16:54 | Create | Archer |
| 16:54 | Create | Archer |
| 16:59 | Research | Double-Bit Axe |
| 17:00 | Research | Double-Bit Axe |
| 17:37 | Create | Archer |
| 17:45 | Build | Archery Range |
| 17:50 | Create | Villager (Male) |
| 17:50 | Create | Villager (Male) |
| 17:54 | Build | House |
| 18:26 | Build | Blacksmith |
| 18:29 | Create | Archer |
| 18:32 | Create | Villager (Male) |
| 18:33 | Create | Villager (Male) |
| 19:05 | Create | Archer |
| 19:09 | Build | House |
| 19:18 | Research | Fletching |
| 19:19 | Create | Villager (Male) |
| 19:24 | Create | Archer |
| 19:24 | Create | Archer |
| 19:25 | Create | Archer |
| 19:26 | Create | Archer |
| 19:34 | Build | House |
| 20:25 | Build | Mining Camp |
| 20:31 | Create | Archer |
| 20:32 | Create | Archer |
| 20:34 | Research | Castle Age |
| 20:35 | Research | Castle Age |
| 21:26 | Build | House |
| 21:28 | Build | House |
| 21:51 | Create | Unit 2626 |
| 21:51 | Create | Unit 2626 |
| 21:57 | Build | House |
| 22:16 | Create | Villager (Male) |
| 22:32 | Create | Archer |
| 22:33 | Create | Archer |
| 22:39 | Build | Market |
| 22:59 | Research | Gold Mining |
| 22:59 | Research | Gold Mining |
| 23:14 | Age | Castle Age |
| 23:21 | Build | Palisade Wall |
| 23:43 | Build | House |
| 23:51 | Research | Crossbowman (upgrade) |
| 23:51 | Research | Crossbowman (upgrade) |
| 24:06 | Research | Bodkin Arrow |
| 24:06 | Research | Bodkin Arrow |
| 24:25 | Build | Dock |
| 24:39 | Build | Palisade Wall |
| 24:45 | Create | Archer ×5 |
| 24:45 | Create | Archer ×5 |
| 24:45 | Create | Archer ×5 |
| 24:48 | Create | Villager (Male) |
| 24:48 | Create | Villager (Male) |
| 24:48 | Create | Villager (Male) |
| 25:03 | Build | Palisade Wall |
| 25:32 | Build | University |
| 25:53 | Research | Padded Archer Armor |
| 25:54 | Research | Padded Archer Armor |
| 26:34 | Create | Villager (Male) |
| 26:34 | Create | Villager (Male) |
| 27:06 | Build | Outpost |
| 27:09 | Research | Town Watch |
| 27:10 | Research | Town Watch |
| 27:15 | Create | Archer |
| 27:16 | Create | Archer |
| 27:16 | Create | Archer |
| 27:16 | Create | Archer |
| 27:16 | Create | Archer |
| 27:52 | Build | Castle |
| 28:02 | Create | Archer |
| 28:09 | Build | Town Center |
| 29:10 | Build | Town Center |
| 29:20 | Build | Mining Camp |
| 29:36 | Create | Villager (Male) |
| 29:36 | Create | Villager (Male) |
| 29:36 | Create | Villager (Male) |
| 30:11 | Build | Farm |
| 30:11 | Build | Farm |
| 30:11 | Build | Farm |
| 30:12 | Build | Farm |
| 30:15 | Build | Farm |
| 30:24 | Build | Monastery |
| 30:40 | Create | Villager (Male) |
| 30:40 | Create | Villager (Male) |
| 30:40 | Create | Villager (Male) |
| 30:41 | Create | Villager (Male) |
| 30:41 | Create | Villager (Male) |
| 30:41 | Create | Villager (Male) |
| 31:20 | Build | Siege Workshop |
| 31:25 | Create | Monk |
| 31:33 | Build | Farm |
| 31:43 | Build | Archery Range |
| 31:44 | Create | Mangonel |
| 31:45 | Create | Mangonel |
| 32:13 | Build | Lumber Camp |
Build order — jellIEBEANS
First 150 of 167 actions detected
| 0:31 | Build | Dock |
| 1:27 | Build | Town Center |
| 3:01 | Build | House |
| 3:48 | Create | Villager (Male) |
| 3:48 | Create | Villager (Male) |
| 3:49 | Create | Villager (Male) |
| 3:49 | Create | Villager (Male) |
| 3:49 | Create | Villager (Male) |
| 5:28 | Research | Loom |
| 5:37 | Create | Villager (Male) |
| 5:38 | Create | Villager (Male) |
| 5:45 | Create | Fishing Ship |
| 6:00 | Build | House |
| 6:07 | Create | Villager (Male) |
| 6:23 | Create | Villager (Male) |
| 6:54 | Create | Villager (Male) |
| 6:54 | Create | Villager (Male) |
| 6:54 | Create | Villager (Male) |
| 7:04 | Create | Fishing Ship |
| 7:31 | Create | Villager (Male) |
| 7:52 | Build | House |
| 7:57 | Create | Villager (Male) |
| 7:57 | Create | Villager (Male) |
| 8:18 | Create | Villager (Male) |
| 8:19 | Create | Villager (Male) |
| 8:25 | Create | Fishing Ship |
| 8:35 | Build | House |
| 9:24 | Create | Villager (Male) |
| 9:46 | Build | Mill |
| 9:51 | Create | Villager (Male) |
| 10:32 | Research | Feudal Age |
| 11:03 | Build | House |
| 11:40 | Create | Villager (Male) |
| 11:41 | Create | Villager (Male) |
| 12:42 | Age | Feudal Age |
| 12:48 | Build | Market |
| 13:15 | Create | Villager (Male) |
| 13:48 | Create | Villager (Male) |
| 14:20 | Build | Blacksmith |
| 14:28 | Research | Loom |
| 14:48 | Build | Palisade Wall |
| 14:49 | Build | Palisade Wall |
| 14:51 | Build | Palisade Wall |
| 14:53 | Build | Palisade Wall |
| 14:55 | Build | Palisade Wall |
| 14:57 | Build | Palisade Wall |
| 15:10 | Build | Barracks |
| 15:13 | Research | Castle Age |
| 15:36 | Build | Farm |
| 15:38 | Build | Farm |
| 16:10 | Build | Farm |
| 16:26 | Create | Spearman |
| 16:27 | Create | Spearman |
| 16:40 | Build | Farm |
| 16:47 | Build | Farm |
| 16:53 | Create | Spearman |
| 16:57 | Research | Scale Mail Armor |
| 17:06 | Create | Spearman |
| 17:24 | Build | Dock |
| 17:33 | Create | Spearman |
| 17:49 | Research | Forging |
| 17:53 | Age | Castle Age |
| 18:17 | Create | Villager (Male) |
| 18:18 | Create | Villager (Male) |
| 18:35 | Build | Town Center |
| 18:39 | Create | Spearman |
| 18:56 | Create | Spearman |
| 19:01 | Build | Palisade Wall |
| 19:03 | Build | Palisade Wall |
| 19:06 | Build | Palisade Wall |
| 19:10 | Build | Palisade Wall |
| 19:16 | Create | Villager (Male) |
| 19:34 | Create | Spearman |
| 19:37 | Research | Horse Collar |
| 19:44 | Build | House |
| 19:56 | Build | Farm |
| 20:50 | Build | Monastery |
| 20:54 | Create | Villager (Male) |
| 20:55 | Create | Villager (Male) |
| 21:08 | Create | Villager (Male) |
| 21:17 | Build | Farm |
| 21:27 | Create | Monk |
| 21:32 | Create | Villager (Male) |
| 21:32 | Create | Villager (Male) |
| 21:38 | Build | Farm |
| 21:38 | Build | Farm |
| 21:42 | Create | Villager (Male) |
| 21:42 | Create | Villager (Male) |
| 22:02 | Create | Villager (Male) |
| 22:07 | Build | Farm |
| 22:18 | Build | Farm |
| 22:33 | Create | Villager (Male) |
| 22:36 | Create | Villager (Male) |
| 22:47 | Build | House |
| 22:59 | Build | Farm |
| 23:00 | Build | Farm |
| 23:08 | Research | Pikeman (upgrade) |
| 23:14 | Create | Villager (Male) |
| 23:33 | Create | Spearman |
| 23:45 | Build | Siege Workshop |
| 23:51 | Create | Spearman |
| 23:53 | Create | Villager (Male) |
| 24:05 | Create | Villager (Male) |
| 24:15 | Build | Lumber Camp |
| 25:00 | Create | Battering Ram |
| 25:08 | Create | Spearman |
| 25:08 | Create | Spearman |
| 25:21 | Create | Spearman |
| 25:34 | Create | Villager (Male) |
| 25:35 | Create | Villager (Male) |
| 25:56 | Build | Town Center |
| 26:12 | Create | Spearman |
| 26:13 | Create | Spearman |
| 26:53 | Create | Spearman |
| 26:54 | Create | Spearman |
| 27:19 | Create | Villager (Male) |
| 27:20 | Create | Villager (Male) |
| 27:23 | Research | Double-Bit Axe |
| 27:28 | Build | Farm |
| 27:54 | Create | Spearman |
| 28:11 | Create | Villager (Male) |
| 28:16 | Build | Farm |
| 28:23 | Create | Villager (Male) |
| 28:23 | Create | Villager (Male) |
| 28:53 | Create | Villager (Male) |
| 29:05 | Research | Bow Saw |
| 29:21 | Create | Villager (Male) |
| 29:27 | Build | Farm |
| 29:42 | Create | Spearman |
| 29:42 | Create | Spearman |
| 29:50 | Build | Farm |
| 29:52 | Build | Farm |
| 29:54 | Create | Villager (Male) |
| 30:00 | Build | Farm |
| 30:10 | Create | Monk |
| 30:23 | Create | Fire Galley |
| 30:52 | Create | Villager (Male) |
| 30:52 | Create | Villager (Male) |
| 30:55 | Create | Villager (Male) |
| 31:27 | Create | Spearman |
| 31:41 | Create | Villager (Male) |
| 31:49 | Build | Farm |
| 32:13 | Create | Spearman |
| 32:56 | Create | Spearman |
| 33:36 | Build | Siege Workshop |
| 34:04 | Create | Battering Ram |
| 34:13 | Create | Villager (Male) |
| 34:14 | Create | Villager (Male) |
| 36:08 | Create | Villager (Male) |
| 36:09 | Create | Villager (Male) |
Build order — Pablo0192
First 150 of 351 actions detected
| 0:32 | Build | Town Center |
| 1:13 | Build | Dock |
| 1:16 | Build | House |
| 2:47 | Create | Villager (Male) ×4 |
| 2:47 | Create | Villager (Male) ×4 |
| 2:47 | Create | Villager (Male) ×4 |
| 3:44 | Create | Fishing Ship |
| 3:44 | Create | Fishing Ship |
| 4:31 | Create | Villager (Male) |
| 4:31 | Create | Villager (Male) |
| 4:31 | Create | Villager (Male) |
| 4:41 | Build | House |
| 4:57 | Research | Loom |
| 5:11 | Create | Villager (Male) |
| 5:23 | Create | Fishing Ship |
| 5:24 | Create | Fishing Ship |
| 5:44 | Create | Villager (Male) |
| 5:44 | Create | Villager (Male) |
| 5:44 | Create | Villager (Male) |
| 6:12 | Create | Villager (Male) |
| 6:30 | Build | House |
| 6:33 | Build | Palisade Wall |
| 6:34 | Create | Villager (Male) |
| 6:53 | Create | Fishing Ship |
| 7:03 | Create | Villager (Male) |
| 7:03 | Create | Villager (Male) |
| 7:04 | Create | Villager (Male) |
| 7:06 | Build | House |
| 7:46 | Create | Villager (Male) |
| 7:58 | Create | Fishing Ship |
| 7:58 | Create | Fishing Ship |
| 8:12 | Create | Villager (Male) |
| 8:39 | Create | Villager (Male) |
| 9:02 | Build | Dock |
| 9:03 | Build | House |
| 9:04 | Create | Villager (Male) |
| 9:27 | Create | Villager (Male) |
| 9:33 | Create | Villager (Male) |
| 9:36 | Create | Fishing Ship |
| 9:44 | Build | House |
| 10:05 | Build | Mill |
| 10:21 | Create | Villager (Male) |
| 10:36 | Create | Fishing Ship |
| 10:51 | Create | Villager (Male) |
| 11:17 | Research | Feudal Age |
| 11:17 | Research | Feudal Age |
| 11:17 | Research | Feudal Age |
| 11:24 | Build | Mining Camp |
| 11:39 | Build | House |
| 11:41 | Build | House |
| 12:02 | Create | Fishing Ship |
| 12:02 | Create | Fishing Ship |
| 12:19 | Create | Fishing Ship |
| 12:28 | Build | House |
| 12:32 | Build | Palisade Wall |
| 13:08 | Create | Villager (Male) |
| 13:11 | Create | Villager (Male) |
| 13:27 | Create | Galley |
| 13:28 | Create | Galley |
| 13:53 | Build | Blacksmith |
| 14:08 | Create | Galley |
| 14:21 | Create | Villager (Male) |
| 14:23 | Create | Villager (Male) |
| 14:43 | Create | Galley |
| 15:02 | Build | Market |
| 15:12 | Create | Villager (Male) |
| 15:24 | Build | Mining Camp |
| 15:36 | Create | Villager (Male) |
| 15:51 | Build | Mining Camp |
| 15:57 | Create | Villager (Male) |
| 16:05 | Research | Castle Age |
| 16:05 | Research | Castle Age |
| 16:39 | Research | Fletching |
| 17:02 | Create | Fire Galley |
| 17:03 | Create | Fire Galley |
| 17:19 | Build | House |
| 17:20 | Build | House |
| 17:22 | Build | House |
| 17:47 | Create | Villager (Male) |
| 17:51 | Build | House |
| 18:07 | Create | Galley |
| 18:09 | Create | Galley |
| 18:38 | Build | House |
| 19:09 | Create | Fire Galley |
| 19:09 | Create | Fire Galley |
| 19:12 | Research | Bodkin Arrow |
| 19:17 | Create | Villager (Male) |
| 19:47 | Build | Market |
| 19:54 | Create | Villager (Male) |
| 20:16 | Build | Lumber Camp |
| 20:18 | Create | Villager (Male) |
| 20:39 | Build | House |
| 20:46 | Create | Villager (Male) |
| 20:46 | Create | Villager (Male) |
| 20:57 | Build | House |
| 21:10 | Build | Castle |
| 21:26 | Build | House |
| 21:33 | Build | House |
| 21:39 | Create | Villager (Male) |
| 22:07 | Create | Fire Galley |
| 22:07 | Create | Fire Galley |
| 22:08 | Create | Villager (Male) |
| 22:08 | Create | Villager (Male) |
| 22:13 | Create | Trade Cog |
| 22:53 | Build | Mining Camp |
| 22:58 | Create | Villager (Male) |
| 23:11 | Build | Market |
| 23:20 | Build | Monastery |
| 23:24 | Create | Cataphract |
| 23:26 | Create | Villager (Male) |
| 23:40 | Create | Monk |
| 23:50 | Research | Double-Bit Axe |
| 23:52 | Create | Villager (Male) |
| 24:00 | Create | Fishing Ship |
| 24:00 | Create | Fishing Ship |
| 24:00 | Create | Fishing Ship |
| 24:16 | Build | Farm |
| 24:20 | Create | Villager (Male) |
| 24:46 | Build | Town Center |
| 24:46 | Create | Villager (Male) |
| 24:46 | Create | Villager (Male) |
| 24:52 | Build | Farm |
| 24:52 | Build | Farm |
| 24:52 | Build | Farm |
| 24:53 | Build | Farm |
| 24:53 | Build | Farm |
| 24:53 | Build | Farm |
| 24:53 | Build | Farm |
| 24:53 | Build | Farm |
| 24:54 | Build | Farm |
| 25:01 | Build | Farm |
| 25:09 | Build | Mining Camp |
| 25:19 | Build | Farm |
| 25:36 | Create | Villager (Male) |
| 25:40 | Create | Villager (Male) |
| 25:40 | Create | Villager (Male) |
| 25:40 | Create | Villager (Male) |
| 25:43 | Build | Farm |
| 25:45 | Build | Farm |
| 25:55 | Create | Villager (Male) |
| 25:55 | Create | Villager (Male) |
| 26:24 | Create | Villager (Male) |
| 26:30 | Research | Fervor |
| 26:31 | Research | Sanctity |
| 26:39 | Build | Barracks |
| 26:44 | Create | Villager (Male) |
| 26:44 | Create | Villager (Male) |
| 26:45 | Create | Villager (Male) |
| 27:04 | Build | Town Center |
| 27:14 | Build | Town Center |
Match timeline
| 0:31 | jellIEBEANS · first_building Dock |
| 1:13 | Pablo0192 · first_building Dock |
| 2:21 | |AT| Gorkha · first_building Dock |
| 3:24 | gw=ar · first_building Dock |
| 6:33 | Pablo0192 · wall_segment Palisade Wall x1 |
| 9:43 | Linh1032 · first_building Dock |
| 10:27 | chopper · first_building Barracks |
| 11:14 | AmX · first_building Barracks |
| 11:18 | gw=ar · first_building Barracks |
| 11:26 | chopper · wall_segment Palisade Wall x1 |
| 11:27 | chopper · wall_segment Palisade Wall x1 |
| 11:27 | chopper · wall_segment Palisade Wall x1 |
| 11:29 | Jarl__UA · first_building Dock |
| 11:34 | AmX · wall_segment Palisade Wall x5 |
| 11:57 | Jarl__UA · first_building Barracks |
| 12:13 | chopper · age_up feudal |
| 12:14 | chopper · first_building Stable |
| 12:25 | chopper · wall_segment Palisade Wall x1 |
| 12:27 | AmX · age_up feudal |
| 12:32 | Pablo0192 · wall_segment Palisade Wall x9 |
| 12:42 | jellIEBEANS · age_up feudal |
| 13:18 | gw=ar · age_up feudal |
| 13:22 | gw=ar · first_building Stable |
| 13:41 | jellIEBEANS · first_market_sell 100 food |
| 13:50 | AmX · first_building Archery Range |
| 13:57 | AmX · wall_segment Stone Wall x1 |
| 14:05 | chopper · wall_segment Palisade Wall x1 |
| 14:06 | chopper · wall_segment Palisade Wall x1 |
| 14:21 | |AT| Gorkha · age_up feudal |
| 14:48 | jellIEBEANS · wall_segment Palisade Wall x1 |
| 14:49 | jellIEBEANS · wall_segment Palisade Wall x1 |
| 14:51 | jellIEBEANS · wall_segment Palisade Wall x1 |
| 14:52 | Linh1032 · age_up feudal |
| 14:52 | |AT| Gorkha · wall_segment Palisade Wall x1 |
| 14:53 | |AT| Gorkha · wall_segment Palisade Wall x1 |
| 14:53 | |AT| Gorkha · wall_segment Palisade Wall x1 |
| 14:53 | jellIEBEANS · wall_segment Palisade Wall x1 |
| 14:55 | jellIEBEANS · wall_segment Palisade Wall x1 |
| 14:56 | |AT| Gorkha · wall_segment Palisade Wall x1 |
| 14:57 | jellIEBEANS · wall_segment Palisade Wall x1 |
| 14:57 | |AT| Gorkha · wall_segment Palisade Wall x1 |
| 15:03 | |AT| Gorkha · wall_segment Palisade Wall x9 |
| 15:10 | jellIEBEANS · first_building Barracks |
| 15:21 | AmX · wall_segment Stone Wall x9 |
| 15:23 | AmX · wall_segment Stone Wall x6 |
| 15:25 | gw=ar · first_market_sell 100 food |
| 15:34 | |AT| Gorkha · wall_segment Palisade Wall x1 |
| 15:35 | |AT| Gorkha · wall_segment Palisade Wall x1 |
| 15:38 | |AT| Gorkha · wall_segment Palisade Wall x1 |
| 15:40 | |AT| Gorkha · wall_segment Palisade Wall x1 |
| 15:42 | |AT| Gorkha · wall_segment Palisade Wall x1 |
| 15:42 | |AT| Gorkha · wall_segment Palisade Wall x1 |
| 15:56 | Jarl__UA · age_up feudal |
| 15:56 | |AT| Gorkha · wall_segment Palisade Wall x1 |
| 15:59 | Jarl__UA · first_building Archery Range |
| 16:34 | Linh1032 · first_market_sell 100 stone |
| 17:31 | |AT| Gorkha · first_building Barracks |
| 17:53 | jellIEBEANS · age_up castle |
| 18:07 | |AT| Gorkha · wall_segment Palisade Wall x1 |
| 18:08 | |AT| Gorkha · wall_segment Palisade Wall x1 |
| 18:09 | |AT| Gorkha · wall_segment Palisade Wall x1 |
| 18:15 | gw=ar · age_up castle |
| 18:22 | Linh1032 · first_building Barracks |
| 18:31 | |AT| Gorkha · first_building Stable |
| 19:00 | gw=ar · first_building Monastery |
| 19:01 | jellIEBEANS · wall_segment Palisade Wall x1 |
| 19:03 | jellIEBEANS · wall_segment Palisade Wall x1 |
| 19:06 | jellIEBEANS · wall_segment Palisade Wall x1 |
| 19:10 | jellIEBEANS · wall_segment Palisade Wall x1 |
| 19:17 | chopper · wall_segment Palisade Wall x1 |
| 19:56 | |AT| Gorkha · age_up castle |
| 20:26 | |AT| Gorkha · wall_segment Palisade Wall x1 |
| 20:33 | Linh1032 · age_up castle |
| 20:50 | jellIEBEANS · first_building Monastery |
| 21:10 | Pablo0192 · first_building Castle |
| 21:12 | Linh1032 · first_building Stable |
| 21:25 | AmX · wall_segment Stone Wall x5 |
| 21:39 | chopper · wall_segment Palisade Wall x1 |
| 23:14 | Jarl__UA · age_up castle |
| 23:17 | AmX · wall_segment Stone Wall x4 |
| 23:20 | Pablo0192 · first_building Monastery |
| 23:21 | Jarl__UA · wall_segment Palisade Wall x6 |
| 23:45 | jellIEBEANS · first_building Siege Workshop |
| 23:56 | Jarl__UA · first_market_sell 100 wood |
| 24:02 | Jarl__UA · first_market_buy 100 food |
| 24:08 | chopper · age_up castle |
| 24:23 | Linh1032 · first_market_buy 100 food |
| 24:35 | Linh1032 · first_building Castle |
| 24:39 | Jarl__UA · wall_segment Palisade Wall x3 |
| 24:43 | Linh1032 · wall_segment Palisade Wall x6 |
| 24:44 | Linh1032 · wall_segment Palisade Wall x1 |
| 24:45 | Linh1032 · wall_segment Palisade Wall x1 |
| 24:48 | |AT| Gorkha · first_building Archery Range |
| 25:03 | Jarl__UA · wall_segment Palisade Wall x2 |
| 25:24 | Linh1032 · wall_segment Palisade Wall x2 |
| 25:26 | Linh1032 · wall_segment Palisade Wall x4 |
| 25:28 | AmX · first_market_sell 100 wood |
| 25:30 | AmX · first_market_buy 100 stone |
| 25:39 | AmX · age_up castle |
| 25:43 | AmX · first_building Castle |
| 26:31 | |AT| Gorkha · first_market_sell 100 wood |
| 26:39 | Pablo0192 · first_building Barracks |
| 27:03 | chopper · first_building Dock |
| 27:26 | AmX · first_building Monastery |
| 27:52 | Jarl__UA · first_building Castle |
| 28:23 | Pablo0192 · first_building Archery Range |
| 28:58 | chopper · wall_segment Palisade Wall x1 |
| 29:06 | Linh1032 · wall_segment Palisade Wall x1 |
| 29:40 | Linh1032 · wall_segment Palisade Wall x1 |
| 29:42 | Linh1032 · wall_segment Palisade Wall x1 |
| 30:05 | gw=ar · first_building Castle |
| 30:24 | Jarl__UA · first_building Monastery |
| 30:57 | gw=ar · age_up imperial |
| 31:20 | Jarl__UA · first_building Siege Workshop |
| 31:44 | chopper · first_building Castle |
| 31:49 | chopper · first_building Monastery |
| 32:12 | chopper · wall_segment Palisade Wall x1 |
| 32:22 | Linh1032 · first_building Siege Workshop |
| 36:16 | Linh1032 · first_building Monastery |
| 37:31 | Linh1032 · wall_segment Palisade Wall x5 |
| 37:41 | Linh1032 · wall_segment Palisade Wall x4 |
| 37:47 | Pablo0192 · first_building Siege Workshop |
| 37:48 | chopper · first_market_sell 100 food |
| 39:42 | Linh1032 · wall_segment Palisade Wall x6 |
| 40:08 | Jarl__UA · resign |
| 40:14 | |AT| Gorkha · first_building Monastery |
[ AI ANALYSIS · 1 CREDIT ]
What really happened in this match?
Wolo.gg analyzes every decision: build order, eco, micro, common mistakes by bracket. Personalized analysis on WhatsApp or Discord in 30 seconds.
Civ guide
Malay
Perfil
Jugador #736606